[Event "Team 45 45 League T52"]
[Site "Internet Chess Club"]
[Date "2012.02.25"]
[Round "2"]
[White "dacarrelli"]
[Black "room-matt"]
[Result "0-1"]
[WhiteElo "1634"]
[BlackElo "1787"]
[Opening "Queen's gambit accepted"]
[ECO "D20"]
[Time "15:00:57"]
[TimeControl "2700+45"]

1. d4 d5 2. c4 dxc4 3. e3 e5 4. Nf3 exd4 5. exd4 Bb4+ 6. Nc3 Qe7+ 7. Be3 Be6 8.
a3 Bxc3+ 9. bxc3 Nf6 10. Bxc4 Bxc4 11. Qa4+ b5 12. Qc2 O-O 13. Ne5 Bd5 14. h4
Nbd7 15. h5 Nxe5 16. dxe5 Qxe5 17. h6 g6 18. O-O-O Rae8 19. Bd4 Qg5+ 20. Kb1 Be4
{White resigns} 0-1

[Event "Team 45 45 League T52"]
[Site "Internet Chess Club"]
[Date "2012.02.23"]
[Round "2"]
[White "FlyingTiger"]
[Black "musk6868"]
[Result "1-0"]
[WhiteElo "1745"]
[BlackElo "1899"]
[Opening "Sicilian: closed, 2...Nc6"]
[ECO "B23"]
[Time "18:50:56"]
[TimeControl "2700+45"]

1. e4 c5 2. Nc3 Nc6 3. Bb5 e6 4. Bxc6 bxc6 5. f4 d5 6. e5 Nh6 7. Nf3 Be7 8. O-O
O-O 9. d3 Rb8 10. b3 Qa5 11. Na4 Nf5 12. Qe1 Qc7 13. Ba3 Rb5 14. c4 Ra5 15. Qf2
Rxa4 16. bxa4 d4 17. Qd2 Ba6 18. Rfb1 h6 19. Rb3 Ne3 20. Rab1 Rd8 21. Qb2 Bxc4
22. dxc4 Nxc4 23. Qc1 Nxa3 24. Rb7 Nxb1 25. Rxc7 Nc3 26. Qb2 Bf8 27. Qb7 d3 28.
Nd2 Nxa4 29. Rc8 Rxc8 30. Qxc8 Nb2 31. Qxc6 c4 32. Nxc4 Nxc4 33. Qxc4 d2 34. Qc2
Bc5+ 35. Kf1 Bb4 36. Ke2 g6 37. Qb3 Ba5 38. Qb8+ Kg7 39. Qxa7 Bb4 40. a4 g5 41.
g3 gxf4 42. gxf4 h5 43. Qb6 h4 44. Qxb4 {Black resigns} 1-0

[Event "Team 45 45 League T52"]
[Site "Internet Chess Club"]
[Date "2012.02.27"]
[Round "2"]
[White "SuperPeon"]
[Black "NFork"]
[Result "0-1"]
[WhiteElo "2202"]
[BlackElo "2252"]
[Opening "Sicilian defense"]
[ECO "B40"]
[Time "00:35:33"]
[TimeControl "2700+45"]

1. e4 c5 2. Nf3 e6 3. c4 Nc6 4. d4 cxd4 5. Nxd4 Nf6 6. Nc3 Bb4 7. Nxc6 bxc6 8.
Qc2 d5 9. cxd5 exd5 10. exd5 Qxd5 11. Bd2 Bxc3 12. Bxc3 O-O 13. Bxf6 Re8+ 14.
Be2 Ba6 15. O-O Bxe2 16. Rfe1 Bd3 17. Qc3 gxf6 18. Red1 Rad8 {White resigns} 0-1

[Event "Team 45 45 League T52"]
[Site "Internet Chess Club"]
[Date "2012.02.26"]
[Round "2"]
[White "kasperloff"]
[Black "Pacini"]
[Result "1/2-1/2"]
[WhiteElo "1980"]
[BlackElo "2094"]
[Opening "Benkö gambit half accepted"]
[ECO "A57"]
[Time "21:20:17"]
[TimeControl "2700+45"]

1. d4 Nf6 2. c4 c5 3. d5 b5 4. cxb5 a6 5. b6 d6 6. Nc3 Nbd7 7. Nf3 Nxb6 8. a4 a5
9. e4 g6 10. Bb5+ Bd7 11. Qe2 Bg7 12. O-O O-O 13. h3 Bxb5 14. Nxb5 Nfd7 15. Bf4
f6 16. Qc2 Ne5 17. Nd2 Qd7 18. b3 Nf7 19. Rae1 h5 20. Be3 g5 21. f4 Bh6 22. fxg5
fxg5 23. Rf5 Ne5 24. Ref1 Rxf5 25. Rxf5 Rf8 26. Rxf8+ Kxf8 27. Qd1 Qe8 28. Nc7
Qg6 29. Ne6+ Kg8 30. Qf1 Nbd7 31. Qa6 g4 32. Bxh6 Qxh6 33. Qe2 {Game drawn by
mutual agreement} 1/2-1/2

[Event "Team 45 45 League T52"]
[Site "Internet Chess Club"]
[Date "2012.03.01"]
[Round "2"]
[White "kidviper"]
[Black "Killian"]
[Result "0-1"]
[WhiteElo "1984"]
[BlackElo "2046"]
[Opening "Benko's opening"]
[ECO "A00"]
[Time "15:30:36"]
[TimeControl "2700+45"]

1. g3 d5 2. c4 Nf6 3. Bg2 c6 4. Nf3 dxc4 5. Ne5 Be6 6. Qc2 Qd4 7. Nf3 Qe4 8. Qd1
Qg4 9. h3 Qh5 10. Nc3 Nbd7 11. Nd4 Bd5 12. e4 Qxd1+ 13. Kxd1 Be6 14. Nxe6 fxe6
15. b3 cxb3 16. axb3 e5 17. Kc2 e6 18. Ba3 Bxa3 19. Rxa3 O-O 20. b4 Nb6 21. d3
Ng4 22. Nd1 Nxf2 23. Rf1 Nxd1 24. Rxd1 Rf2+ 25. Rd2 Raf8 26. Bh1 a6 27. Kc3 Rxd2
28. Kxd2 Rf1 29. Bg2 Rf2+ 30. Ke3 Rxg2 31. Kf3 Rb2 32. g4 Rxb4 33. h4 Nd7 34.
Rc3 a5 35. g5 a4 36. h5 Rb3 37. Rc4 Rxd3+ 38. Ke2 Rd4 39. Rc2 Rxe4+ 40. Kf3 Rd4
41. g6 hxg6 42. hxg6 Nf8 43. Rg2 a3 44. Ra2 Ra4 45. Ke3 Nxg6 46. Kd3 b5 47. Kc3
c5 48. Kb3 Nf4 49. Kc3 Nd5+ 50. Kd2 b4 51. Ke2 b3 52. Ra1 b2 53. Rb1 Nc3+ 54.
Kf3 Nxb1 55. Kg3 Nc3 56. Kh3 b1=Q 57. Kg3 Qd3+ 58. Kf2 Rf4+ 59. Kg1 Qg3+ 60. Kh1
Rh4# {White checkmated} 0-1

[Event "Team 45 45 League T52"]
[Site "Internet Chess Club"]
[Date "2012.02.24"]
[Round "2"]
[White "tenor"]
[Black "loudoun"]
[Result "0-1"]
[WhiteElo "1765"]
[BlackElo "1684"]
[Opening "Sicilian: Scheveningen (Paulsen), classical variation"]
[ECO "B84"]
[Time "21:12:10"]
[TimeControl "2700+45"]

1. e4 c5 2. Nf3 d6 3. d4 cxd4 4. Nxd4 Nf6 5. Nc3 a6 6. Be2 e6 7. Be3 Be7 8. O-O
O-O 9. Nb3 Nc6 10. f4 Qc7 11. Bf3 Bd7 12. Qd2 Rad8 13. Qf2 Rc8 14. g4 Be8 15. g5
Nd7 16. Rac1 b5 17. a3 Rb8 18. Qg3 f6 19. Bg4 f5 20. exf5 exf5 21. Nd5 Qd8 22.
Bf3 Nc5 23. Nd4 Nxd4 24. Bxd4 Ne6 25. Bf2 Bxg5 26. fxg5 f4 27. Qg2 Nxg5 28. Rfe1
Nxf3+ 29. Qxf3 Qg5+ 30. Kh1 Kh8 31. Rg1 Qe5 32. c3 Bc6 33. Rcd1 Rf5 34. Rge1
Bxd5 35. Rxd5 Qxd5 36. Qxd5 Rxd5 37. Bd4 Rg5 38. Re6 Rg6 39. Re4 Rf8 40. Bf2 f3
41. Bg3 Rxg3 42. hxg3 f2 {White resigns} 0-1

[Event "Team 45 45 League T52"]
[Site "Internet Chess Club"]
[Date "2012.02.25"]
[Round "2"]
[White "spongenotbob"]
[Black "moomaster"]
[Result "1-0"]
[WhiteElo "1672"]
[BlackElo "1601"]
[Opening "QGD Slav defense"]
[ECO "D10"]
[Time "17:59:00"]
[TimeControl "2700+45"]

1. d4 d5 2. c4 c6 3. Nc3 Nf6 4. h3 e6 5. Nf3 dxc4 6. e4 b5 7. Qc2 Be7 8. a4 b4
9. Nd1 a5 10. Bxc4 Nbd7 11. O-O Bb7 12. Bf4 O-O 13. Ne3 c5 14. d5 exd5 15. Nxd5
Nxd5 16. Bxd5 Bxd5 17. exd5 Nf6 18. Rad1 Bd6 19. Ne5 Qc7 20. Rfe1 Rfe8 21. Qf5
Re7 22. Nd3 Rxe1+ 23. Rxe1 Bxf4 24. Nxf4 Rd8 25. Rc1 Qd6 26. Nd3 Qxd5 27. Qxd5
Nxd5 28. Rxc5 Nf6 29. Rxa5 Kf8 30. Nxb4 Ne4 31. Rd5 Rc8 32. a5 Rc1+ 33. Kh2 Nxf2
34. a6 Ra1 35. Nc6 g5 36. Rd8+ Kg7 37. a7 f5 38. a8=Q Rh1+ 39. Kg3 Ne4+ 40. Kf3
Rf1+ 41. Ke3 Re1+ 42. Kd4 Rd1+ 43. Ke5 Rf1 44. Rd7+ Kh6 45. Qf8+ Kg6 46. Qg7+
Kh5 47. Qxh7# {Black checkmated} 1-0

[Event "Team 45 45 League T52"]
[Site "Internet Chess Club"]
[Date "2012.02.25"]
[Round "2"]
[White "Tjet"]
[Black "tworivers"]
[Result "1-0"]
[WhiteElo "1476"]
[BlackElo "1467"]
[Opening "English opening"]
[ECO "A16"]
[Time "20:16:15"]
[TimeControl "2700+45"]

1. c4 Nf6 2. Nc3 g6 3. e4 d6 4. g3 Bg7 5. Bg2 O-O 6. Nge2 e5 7. d3 Be6 8. O-O
Nc6 9. f3 Nd4 10. Be3 Nxe2+ 11. Nxe2 c6 12. Qd2 d5 13. cxd5 cxd5 14. Kh1 d4 15.
Bg5 Qd7 16. Bxf6 Bxf6 17. b3 Rac8 18. Rac1 Rxc1 19. Rxc1 Rc8 20. Rxc8+ Qxc8 21.
f4 Bh3 22. fxe5 Bxe5 23. Qc1 Qxc1+ 24. Nxc1 Bxg2+ 25. Kxg2 Bd6 26. Ne2 Be5 27.
Kf3 h5 28. h3 Kg7 29. g4 Kh6 30. a4 hxg4+ 31. Kxg4 g5 32. Ng1 Bf4 33. Nf3 f6 34.
Nxd4 Be5 35. Nf3 Kg6 36. d4 Bd6 37. d5 b6 38. Nd4 a5 39. Nf3 Be7 40. Nd2 Bc5 41.
Nc4 Bd4 42. d6 Kf7 43. Kf5 Be5 44. Nxe5+ fxe5 45. Kxe5 Ke8 46. Kf6 Kd7 47. e5
{Black resigns} 1-0

[Event "Team 45 45 League T52"]
[Site "Internet Chess Club"]
[Date "2012.02.24"]
[Round "2"]
[White "medsurg"]
[Black "dpmdpm"]
[Result "1-0"]
[WhiteElo "1368"]
[BlackElo "1498"]
[Opening "Sicilian: closed"]
[ECO "B25"]
[Time "16:01:37"]
[TimeControl "2700+45"]

1. e4 c5 2. Nc3 Nc6 3. g3 g6 4. Bg2 Bg7 5. d3 d6 6. Rb1 Nf6 7. h3 O-O 8. f4 e5
9. Nce2 Qa5+ 10. Nc3 b5 11. a3 Bb7 12. Bd2 Qb6 13. Nge2 a6 14. Be3 Nd4 15. Qd2
Rad8 16. Bf2 Rfe8 17. Nxd4 cxd4 18. Ne2 Qc7 19. O-O Rc8 20. Rbc1 Nd7 21. b4 Rf8
22. Kh1 f5 23. Bg1 Bh6 24. Bh2 fxe4 25. dxe4 Nf6 26. Qd3 Qc4 27. g4 Qxd3 28.
cxd3 Rxc1 29. Rxc1 exf4 30. Rc7 Ba8 31. Nxd4 Ne8 32. Ra7 Ng7 33. Rxa6 Rd8 34.
Rb6 d5 35. e5 Re8 36. e6 Re7 37. Rb8+ Re8 38. Rxe8+ Nxe8 39. Nxb5 g5 40. Bg1 Bg7
41. Bd4 Bf8 42. Be5 Bg7 43. Bxg7 Nxg7 44. Nd4 Kf8 45. a4 Ke7 46. b5 Nxe6 47.
Nxe6 Kxe6 48. d4 Kd6 49. Bf3 Kc7 50. a5 Kb8 51. Kg2 Kc7 52. h4 h6 53. hxg5 hxg5
54. Kf2 Kd6 55. Ke2 Kc7 56. Kd3 Kd6 57. Kc3 Kc7 58. Kb4 Kd6 59. a6 Kc7 60. Kc5
Kb8 61. b6 {Black resigns} 1-0

[Event "Team 45 45 League T52"]
[Site "Internet Chess Club"]
[Date "2012.02.27"]
[Round "2"]
[White "monkhammer"]
[Black "mattphelps"]
[Result "1-0"]
[WhiteElo "1419"]
[BlackElo "1445"]
[Opening "Caro-Kann: Panov-Botvinnik attack, 5...e6"]
[ECO "B14"]
[Time "20:08:53"]
[TimeControl "2700+45"]

1. e4 c6 2. d4 d5 3. exd5 cxd5 4. c4 e6 5. Nc3 Nf6 6. Nf3 Nc6 7. c5 Be7 8. Bd3
O-O 9. Bf4 b6 10. cxb6 Qxb6 11. Na4 Qb4+ 12. Bd2 Qd6 13. a3 e5 14. dxe5 Nxe5 15.
Nxe5 Qxe5+ 16. Qe2 Qxe2+ 17. Kxe2 Bd7 18. Nc3 Rab8 19. Rab1 Bc6 20. Be3 a5 21.
Rhd1 Rfd8 22. Bd4 Bd6 23. h3 Re8+ 24. Kf1 Be5 25. Bxe5 Rxe5 26. Re1 Rxe1+ 27.
Kxe1 Re8+ 28. Ne2 a4 29. Kd2 Ne4+ 30. Bxe4 dxe4 31. b4 e3+ 32. fxe3 Bxg2 33. Nc3
Bxh3 34. Nxa4 Bf5 35. Rb3 h5 36. b5 Bd7 37. Nc5 Be6 38. Nxe6 fxe6 39. b6 Rb8 40.
b7 Kf7 41. a4 Ke7 42. a5 Kd7 43. a6 Kc7 44. a7 Rxb7 45. a8=Q Rxb3 46. Qa7+ Rb7
47. Qc5+ Kb8 48. Qxh5 {Black resigns} 1-0

[Event "Team 45 45 League T52"]
[Site "Internet Chess Club"]
[Date "2012.02.25"]
[Round "2"]
[White "Constrictor"]
[Black "badmove"]
[Result "1-0"]
[WhiteElo "1704"]
[BlackElo "1717"]
[Opening "Réti v Dutch"]
[ECO "A04"]
[Time "16:16:16"]
[TimeControl "2700+45"]

1. Nf3 f5 2. b4 d6 3. e3 Nf6 4. Bb2 e6 5. Be2 Be7 6. O-O O-O 7. c4 Qe8 8. d3 b5
9. Nbd2 bxc4 10. dxc4 Nc6 11. b5 Nd8 12. Nd4 e5 13. Bf3 e4 14. Be2 Bd7 15. Ba3
g5 16. Qc2 Qg6 17. c5 dxc5 18. Bxc5 Bxc5 19. Qxc5 Kg7 20. Nc4 Ne8 21. Ne5 Qd6
22. Qxd6 cxd6 23. Nxd7 Rf7 24. Bh5 {Black resigns} 1-0

[Event "Team 45 45 League T52"]
[Site "Internet Chess Club"]
[Date "2012.02.25"]
[Round "2"]
[White "houseofcook"]
[Black "edsvoboda"]
[Result "1-0"]
[WhiteElo "1547"]
[BlackElo "1463"]
[Opening "Scotch gambit"]
[ECO "C44"]
[Time "13:00:59"]
[TimeControl "2700+45"]

1. e4 e5 2. Nf3 Nc6 3. d4 exd4 4. Bc4 Bc5 5. c3 dxc3 6. Bxf7+ Kxf7 7. Qd5+ Ke8
8. Qxc5 cxb2 9. Bxb2 d6 10. Qe3 Nf6 11. O-O Be6 12. Rd1 Qe7 13. Nc3 Bg4 14. Nd5
Nxd5 15. Rxd5 Bxf3 16. Qxf3 Rf8 17. Rf5 Ne5 18. Bxe5 dxe5 19. Rxf8+ Qxf8 20.
Qh5+ Qf7 21. Qxe5+ Qe7 22. Qh5+ g6 23. Qd5 Qg7 24. Rd1 c6 25. Qe6+ Qe7 26. Qg8+
Qf8 27. Qxh7 Rb8 28. Qd7# {Black checkmated} 1-0

[Event "Team 45 45 League T52"]
[Site "Internet Chess Club"]
[Date "2012.02.26"]
[Round "2"]
[White "FractalDante"]
[Black "MateIn42"]
[Result "1-0"]
[WhiteElo "1477"]
[BlackElo "1337"]
[Opening "Scotch game"]
[ECO "C45"]
[Time "10:02:31"]
[TimeControl "2700+45"]

1. e4 e5 2. Nf3 Nc6 3. d4 exd4 4. Nxd4 Qf6 5. Nxc6 Bc5 6. Qf3 Qxc6 7. Bd3 d6 8.
Nc3 a6 9. Nd5 Be6 10. Be3 Bxe3 11. Qxe3 O-O-O 12. c4 Rd7 13. O-O Ne7 14. Qa7 Kd8
15. Rac1 Nc8 16. Qd4 Rg8 17. b4 Bxd5 18. cxd5 Qb6 19. Qb2 f6 20. Kh1 Ne7 21. Rc2
c6 22. dxc6 Nxc6 23. Rfc1 Re8 24. b5 Nd4 25. bxa6 Qxb2 26. Rxb2 bxa6 27. Bxa6
Rxe4 28. Bd3 Rh4 29. Rb4 Rc7 30. Rxc7 Kxc7 31. Bxh7 Rxh7 32. Rxd4 Rh8 33. g3 Ra8
34. Rd2 Ra7 35. Kg2 Kc6 36. Kf3 d5 37. Ke3 Ra4 38. Rc2+ Kd6 39. Kd3 Ke5 40. f4+
Kd6 41. Re2 Ra8 42. Kd4 Ra4+ 43. Kc3 g6 44. Kb3 Rc4 45. Rc2 Re4 46. a4 Re7 47.
a5 Rb7+ 48. Kc3 Rb5 49. Ra2 Kc6 50. a6 Rb8 51. a7 Ra8 52. Kd4 f5 53. h3 Kb6 54.
g4 Rxa7 55. Rxa7 Kxa7 56. Kxd5 Kb7 57. gxf5 gxf5 58. Ke5 Kc7 59. Kxf5 Kd7 60.
Kf6 {Black resigns} 1-0

[Event "Team 45 45 League T52"]
[Site "Internet Chess Club"]
[Date "2012.02.26"]
[Round "2"]
[White "bhandelman"]
[Black "danmend"]
[Result "0-1"]
[WhiteElo "1183"]
[BlackElo "1186"]
[Opening "Sicilian: Canal-Sokolsky (Nimzovich-Rossolimo, Moscow) attack"]
[ECO "B51"]
[Time "14:00:38"]
[TimeControl "2700+45"]

1. e4 c5 2. Nf3 d6 3. Bb5+ Nc6 4. c3 Bd7 5. d4 e6 6. d5 exd5 7. exd5 Nce7 8.
Bxd7+ Qxd7 9. c4 Nf6 10. Nc3 g6 11. Qe2 Bg7 12. Bg5 O-O 13. O-O Rfe8 14. Rfe1
Nexd5 15. Qd2 Rxe1+ 16. Rxe1 Nxc3 17. Qxc3 Ne4 18. Qc2 Nxg5 19. Nxg5 Qf5 20. Ne4
Re8 21. f3 Bd4+ 22. Kf1 Kf8 23. Qc1 Bg7 24. Kg1 Qe5 25. Qd2 Qd4+ 26. Kf1 Rxe4
27. Rxe4 Qxd2 {White resigns} 0-1

[Event "Team 45 45 League T52"]
[Site "Internet Chess Club"]
[Date "2012.02.24"]
[Round "2"]
[White "Dracoac"]
[Black "zap2"]
[Result "1-0"]
[WhiteElo "1802"]
[BlackElo "1751"]
[Opening "Queen's Indian: old main line, 7.Nc3"]
[ECO "E18"]
[Time "14:55:07"]
[TimeControl "2700+45"]

1. Nf3 Nf6 2. c4 e6 3. g3 b6 4. Bg2 Bb7 5. O-O Be7 6. Nc3 O-O 7. d4 d6 8. Qc2
Nbd7 9. Rd1 a6 10. b3 c5 11. e4 Qc7 12. d5 Rad8 13. Bf4 e5 14. Be3 Bc8 15. Qe2
Rfe8 16. Nh4 g6 17. h3 Nh5 18. Nf3 Nf8 19. a3 f5 20. exf5 gxf5 21. Nxe5 Nxg3 22.
fxg3 dxe5 23. b4 f4 24. Bf2 Bd6 25. Ne4 Qe7 26. Qh5 Ng6 27. Re1 Qg7 28. Nxd6
Rxd6 29. gxf4 Bxh3 30. fxe5 Rxe5 31. Rxe5 Bxg2 32. Re8+ Nf8 33. Rxf8+ Kxf8 34.
Qf5+ Ke7 35. Bh4+ Ke8 36. Re1+ Be4+ 37. Bg5 Qd4+ 38. Kh2 Qb2+ 39. Kg3 Qg2+ 40.
Kh4 Qh2+ 41. Qh3 Qf2+ 42. Qg3 Qxg3+ 43. Kxg3 Rg6 44. Rxe4+ Kd7 45. Kf4 cxb4 46.
axb4 a5 47. bxa5 bxa5 48. Re7+ Kd6 49. Ra7 Kc5 50. Rc7+ Kd6 51. Rc6+ Kd7 52.
Rxg6 hxg6 53. c5 a4 54. Bf6 a3 55. Kg5 a2 56. Kxg6 Ke8 57. Kf5 Kf7 58. d6 Ke8
59. c6 a1=Q 60. Bxa1 Kd8 61. Ke6 Kc8 62. d7+ Kc7 63. Be5+ Kxc6 64. d8=Q Kb7 65.
Qc7+ Ka8 66. Qc6+ Ka7 67. Bb8+ Kxb8 68. Qd7 Ka8 69. Kd6 Kb8 70. Kc6 {Black
resigns} 1-0

[Event "Team 45 45 League T52"]
[Site "Internet Chess Club"]
[Date "2012.02.22"]
[Round "2"]
[White "Nathan-L"]
[Black "beitmery"]
[Result "1-0"]
[WhiteElo "1614"]
[BlackElo "1721"]
[Opening "Benkö gambit"]
[ECO "A57"]
[Time "16:53:07"]
[TimeControl "2700+45"]

1. d4 Nf6 2. c4 c5 3. d5 b5 4. b3 d6 5. Nf3 g6 6. Bg5 Bg7 7. Nbd2 bxc4 8. bxc4
Bb7 9. Rb1 Qc7 10. e4 Nbd7 11. Bd3 O-O 12. O-O Rfe8 13. Qc2 Ng4 14. Rb3 Nge5 15.
Rfb1 Nb6 16. Nxe5 Bxe5 17. Nf3 Bg7 18. a4 Reb8 19. a5 Nc8 20. Qa2 Ba6 21. Rxb8
Rxb8 22. Rxb8 Qxb8 23. Qa4 Kf8 24. Qd7 Kg8 25. Qe8+ Bf8 26. Bxe7 Kg7 27. Qxf8#
{Black checkmated} 1-0

[Event "Team 45 45 League T52"]
[Site "Internet Chess Club"]
[Date "2012.02.26"]
[Round "2"]
[White "moomaster"]
[Black "mongmong"]
[Result "0-1"]
[WhiteElo "1585"]
[BlackElo "1616"]
[Opening "French: advance, Paulsen attack"]
[ECO "C02"]
[Time "20:00:24"]
[TimeControl "2700+45"]

1. e4 e6 2. d4 d5 3. e5 c5 4. c3 Nc6 5. Nf3 Qb6 6. Be2 cxd4 7. cxd4 Nge7 8. Nc3
Nf5 9. O-O Nfxd4 10. Nxd4 Qxd4 11. Qxd4 Nxd4 12. Bb5+ Bd7 13. Bxd7+ Kxd7 14. Bf4
Bb4 15. Bd2 Bxc3 16. Bxc3 Ne2+ 17. Kh1 Nxc3 18. bxc3 Rhc8 19. Rac1 Rc4 20. Rfd1
Rac8 21. Rd3 Re4 22. h3 Rxe5 23. c4 Re4 24. c5 b6 25. c6+ Rxc6 26. Rxc6 Kxc6 27.
Rc3+ Rc4 28. Rf3 f6 29. Kh2 Kd6 30. g4 h6 31. Kg3 e5 32. Ra3 a5 33. f3 d4 34.
Rd3 Rc3 35. Rd2 b5 36. h4 b4 37. g5 fxg5 38. hxg5 hxg5 39. Rg2 d3 40. Kg4 Rc2
41. Rg1 d2 42. Rd1 a4 43. Kxg5 b3 44. axb3 axb3 45. Kf5 b2 46. Kg6 Ke6 47. Kxg7
Kf5 48. Kh6 Rc1 49. Rxd2 b1=Q 50. Rh2 Qb6+ 51. Kh5 Rc8 52. Kh4 Rh8+ 53. Kg3 Rxh2
54. Kxh2 Qf2+ 55. Kh3 Qxf3+ 56. Kh4 Qg2 57. Kh5 e4 58. Kh6 e3 59. Kh7 Kf6 60.
Kh8 Kg6 61. Kg8 Qf2 62. Kh8 e2 63. Kg8 Qf8+ 64. Kxf8 e1=R 65. Kg8 Re8# {White
checkmated} 0-1

[Event "Team 45 45 League T52"]
[Site "Internet Chess Club"]
[Date "2012.02.22"]
[Round "2"]
[White "seattleblues"]
[Black "eagle"]
[Result "0-1"]
[WhiteElo "1462"]
[BlackElo "1493"]
[Opening "Caro-Kann: advance variation"]
[ECO "B12"]
[Time "20:16:43"]
[TimeControl "2700+45"]

1. e4 c6 2. d4 d5 3. e5 Bf5 4. g4 Bg6 5. h4 h6 6. Nf3 e6 7. Nbd2 Nd7 8. Nb3 Qb6
9. Bd2 a5 10. a4 Ne7 11. Be3 Be4 12. Bd3 Bxd3 13. Qxd3 Nc8 14. h5 c5 15. Qb5 c4
16. Nc5 Qxb5 17. axb5 b6 18. Nxd7 Kxd7 19. g5 hxg5 20. Nxg5 Ke8 21. Ke2 Na7 22.
Rag1 Nxb5 23. Nf3 a4 24. Ra1 c3 25. Bc1 Bb4 26. b3 a3 27. Ne1 Nxd4+ 28. Ke3 Nf5+
29. Ke2 Ke7 30. Nd3 Nd4+ 31. Ke3 Nxc2+ {White resigns} 0-1

[Event "Team 45 45 League T52"]
[Site "Internet Chess Club"]
[Date "2012.02.28"]
[Round "2"]
[White "badmove"]
[Black "mitus"]
[Result "0-1"]
[WhiteElo "1686"]
[BlackElo "1827"]
[Opening "Ruy Lopez: Wormald (Alapin) attack"]
[ECO "C77"]
[Time "16:02:30"]
[TimeControl "2700+45"]

1. e4 e5 2. Nf3 Nc6 3. Bb5 a6 4. Ba4 Nf6 5. Qe2 b5 6. Bb3 d6 7. c3 Be7 8. O-O
Na5 9. Bc2 c5 10. Rd1 O-O 11. d4 cxd4 12. cxd4 Qc7 13. Nc3 Bg4 14. Be3 Nc4 15.
Bb3 Rfc8 16. Rac1 Qb7 17. Bc2 Nxb2 18. dxe5 dxe5 {White resigns} 0-1

[Event "Team 45 45 League T52"]
[Site "Internet Chess Club"]
[Date "2012.02.26"]
[Round "2"]
[White "ElMarginal"]
[Black "ILRE"]
[Result "0-1"]
[WhiteElo "1457"]
[BlackElo "1726"]
[Opening "French: Schlechter variation"]
[ECO "C01"]
[Time "17:05:28"]
[TimeControl "2700+45"]

1. e4 e6 2. d4 d5 3. Bd3 c5 4. exd5 Qxd5 5. Nf3 cxd4 6. O-O Nc6 7. c3 Nf6 8.
Nxd4 Nxd4 9. cxd4 Bd7 10. Be3 Be7 11. Nc3 Qa5 12. Qb3 Bc6 13. h3 O-O 14. Rac1
Rfd8 15. Bb1 Rac8 16. Rfd1 Qh5 17. Qc2 g6 18. Qe2 Qxe2 19. Nxe2 Nd5 20. Bh6 Bf6
21. Nc3 Ne7 22. Be3 Kg7 23. g4 Nd5 24. Nxd5 Bxd5 25. b3 Be7 26. Kf1 Ba3 27. Rxc8
Rxc8 28. Ke2 Be7 29. f3 Ba3 30. h4 f5 31. h5 fxg4 32. fxg4 Rf8 33. Rf1 Rxf1 34.
Kxf1 gxh5 35. g5 Bd6 36. Bd3 h4 37. Bc4 Bg3 38. Bxd5 exd5 39. Kg2 Kg6 40. Kh3
Kf5 41. a4 a6 42. b4 Ke4 43. Bg1 Kf4 44. b5 axb5 45. axb5 Kxg5 46. Be3+ Kf5 47.
Bh6 Bf2 48. Bg7 Ke4 49. Kg4 Bxd4 {White resigns} 0-1

[Event "Team 45 45 League T52"]
[Site "Internet Chess Club"]
[Date "2012.02.27"]
[Round "2"]
[White "PostMike"]
[Black "Helaman"]
[Result "0-1"]
[WhiteElo "1447"]
[BlackElo "1568"]
[Opening "Giuoco Piano"]
[ECO "C54"]
[Time "14:30:30"]
[TimeControl "2700+45"]

1. e4 e5 2. Nf3 Nc6 3. Bc4 Bc5 4. c3 Nf6 5. d3 a6 6. O-O O-O 7. Re1 Ba7 8. Be3
d6 9. Bxa7 Rxa7 10. h3 b5 11. Bb3 Ne7 12. d4 Ng6 13. dxe5 dxe5 14. Nbd2 c5 15.
a4 Qe7 16. axb5 axb5 17. Rxa7 Qxa7 18. Qa1 Qe7 19. Bd5 Nxd5 20. exd5 Qd6 21. c4
Nf4 22. Nxe5 bxc4 23. Nexc4 Qxd5 24. f3 Bxh3 25. gxh3 Qg5+ 26. Kf2 Nd3+ 27. Kf1
Qg3 28. Re2 Nf4 29. Qe1 Qxh3+ 30. Kg1 Nxe2+ 31. Qxe2 Ra8 32. Qg2 Ra1+ 33. Kf2
Qh4+ 34. Qg3 Qd4+ 35. Ke2 g6 36. Qb8+ Kg7 37. Qe5+ Qxe5+ 38. Nxe5 h5 39. Nb3 Ra2
40. Nc4 Ra4 41. Kd3 h4 42. Nxc5 h3 43. Ne4 h2 44. Nf2 Ra1 45. b4 Rf1 46. Ke2
Rxf2+ 47. Kxf2 h1=Q 48. b5 {White resigns} 0-1

[Event "Team 45 45 League T52"]
[Site "Internet Chess Club"]
[Date "2012.02.24"]
[Round "2"]
[White "minke"]
[Black "alexping"]
[Result "1-0"]
[WhiteElo "1886"]
[BlackElo "1914"]
[Opening "French: Winawer, advance, 6...Ne7"]
[ECO "C18"]
[Time "23:00:35"]
[TimeControl "2700+45"]

1. e4 e6 2. d4 d5 3. Nc3 Bb4 4. e5 c5 5. a3 Bxc3+ 6. bxc3 Ne7 7. f4 Bd7 8. a4
Qa5 9. Bd2 c4 10. Nf3 Bxa4 11. Be2 b5 12. O-O Qb6 13. Bc1 Nd7 14. Ba3 Nf5 15.
Qd2 h5 16. g3 Bxc2 17. Qxc2 Ne3 18. Qb1 Nxf1 19. Kxf1 Qb7 20. Qb4 Nf8 21. Nh4 a5
22. Qb1 b4 23. Bd1 Rb8 24. Ba4+ Nd7 25. Bc1 O-O 26. Bxd7 Qxd7 27. Rxa5 bxc3 28.
Qc2 Rb3 29. f5 exf5 30. Nxf5 f6 31. Rxd5 Qf7 32. Kg1 fxe5 33. Rxe5 Re8 34. Nd6
Rxe5 35. Nxf7 Re1+ 36. Kf2 Rh1 37. Kg2 Rxc1 38. Qxc1 Kxf7 39. Qf1+ Ke7 40. Qxc4
Rb2+ 41. Kh3 c2 42. d5 g5 43. Qc7+ Kf8 44. d6 {Black resigns} 1-0

[Event "Team 45 45 League T52"]
[Site "Internet Chess Club"]
[Date "2012.02.24"]
[Round "2"]
[White "misuc56"]
[Black "Tamarin"]
[Result "0-1"]
[WhiteElo "1817"]
[BlackElo "1894"]
[Opening "QGD Slav defense"]
[ECO "D10"]
[Time "19:08:09"]
[TimeControl "2700+45"]

1. d4 d5 2. c4 c6 3. e3 Nf6 4. h3 e6 5. Nc3 Nbd7 6. Nf3 a6 7. Be2 Bd6 8. c5 Bc7
9. Bd2 e5 10. b4 O-O 11. O-O Bb8 12. Nh2 Re8 13. f4 exd4 14. exd4 Ne4 15. Bd3
Ndf6 16. Rc1 Bf5 17. Be1 Nxc3 18. Rxc3 Bxd3 19. Rxd3 Ne4 20. g3 Qf6 21. Kg2 Bc7
22. a4 Qg6 23. Ng4 f6 24. f5 Qf7 25. Nh2 Re7 26. h4 Rae8 27. g4 g6 28. Rdf3 g5
29. h5 h6 30. Rb3 Ra8 31. Rb2 Qe8 32. Nf3 Qd7 33. Nd2 Rae8 34. Nf3 Bf4 35. Qd3
Qc7 36. b5 axb5 37. axb5 cxb5 38. Qxb5 Bd2 39. Nxd2 Nxd2 40. Rxd2 Rxe1 41. Qb6
R8e2+ 42. Rxe2 Rxe2+ 43. Kf3 Qe7 44. Kg3 Qe3+ 45. Rf3 Qg1+ 46. Kh3 Qh2# {White
checkmated} 0-1

[Event "Team 45 45 League T52"]
[Site "Internet Chess Club"]
[Date "2012.02.24"]
[Round "2"]
[White "az2112"]
[Black "MontanaSky"]
[Result "1/2-1/2"]
[WhiteElo "1651"]
[BlackElo "1740"]
[Opening "French: Tarrasch, closed variation"]
[ECO "C05"]
[Time "21:31:17"]
[TimeControl "2700+45"]

1. e4 e6 2. d4 d5 3. Nd2 Nf6 4. e5 Nfd7 5. Bd3 c5 6. Ndf3 Nc6 7. c3 cxd4 8. cxd4
f6 9. exf6 Nxf6 10. Ne2 Bd6 11. O-O Qc7 12. Bg5 O-O 13. Rc1 a6 14. Qc2 g6 15.
Bh6 Rf7 16. Bxg6 Rg7 17. Bxg7 Qxg7 18. Bd3 Nb4 19. Qb3 Nxd3 20. Qxd3 Bd7 21. Ne5
Bb5 22. Qe3 Rf8 23. Rfe1 Ne4 24. f3 Ng5 25. Ng3 Kh8 26. Rc2 Nf7 27. Nxf7+ Qxf7
28. Qxe6 Bxg3 29. Qxf7 Bxh2+ 30. Kxh2 Rxf7 31. Rec1 Bc6 32. Rxc6 bxc6 33. Rxc6
Rb7 34. b3 Rb4 35. Rxa6 Rxd4 36. Rd6 Rd1 37. f4 d4 38. f5 d3 39. f6 Kg8 40. Kg3
Kf7 41. Kf2 Ra1 42. a4 Ra2+ 43. Kf3 d2 44. g4 Rb2 45. Ke2 Rxb3 46. Kxd2 Rb4 47.
g5 Rxa4 48. Rd7+ Kg8 49. Rd8+ Kf7 50. Rd7+ Kg8 51. Ke3 Rg4 52. Rg7+ Kf8 53. Kf3
Rg1 54. Kf4 Rh1 55. Ke5 Re1+ 56. Kd6 Rd1+ 57. Kc7 Ra1 58. Kb8 Rb1+ 59. Rb7 Rg1
60. Rg7 Rb1+ 61. Kc8 Rc1+ 62. Kd8 Ra1 63. Rc7 Rd1+ 64. Rd7 Ra1 65. Kc7 Rc1+ 66.
Kb8 Rb1+ 67. Rb7 Rxb7+ 68. Kxb7 Kf7 69. Kc6 h6 70. gxh6 Kxf6 71. h7 Kg7 72.
h8=Q+ Kxh8 {Game drawn because neither player has mating material} 1/2-1/2